 Dungeon Sprint DCSS version 0.17-a0-2007-g96ac4c4 (webtiles) character file.

1017 Ordine the Imperceptible (level 8, -1/36 HPs)
             Began as a Spriggan Enchanter on Oct 9, 2015.
             Was an Initiate of Dithmenos.
             Slain by a deep troll (9 damage)
             ... in the Dungeon (Sprint I: "Red Sonja").
             The game lasted 00:01:52 (392 turns).

Ordine the Imperceptible (Spriggan Enchanter)        Turns: 392, Time: 00:01:53

Health: -1/36      AC:  3    Str:  4    XL:     8   Next: 1%
Magic:  11/13      EV: 18    Int: 18    God:    Dithmenos [......]
Gold:   405        SH:  0    Dex: 17    Spells: 3 memorised, 6 levels left

rFire  . . .     SeeInvis +     a - +1 dagger
rCold  . . .     Clarity  .     k - +1 robe {rN+}
rNeg   + . .     SustAt   .     (shield restricted)
rPois  .         Gourm    .     (helmet restricted)
rElec  .         Spirit   .     (no cloak)
rCorr  .         Warding  .     (gloves unavailable)
rMut   .         NoTele   +     (boots unavailable)
MR     +....                    (no amulet)
Stlth  +++++++++.               (no ring)
                                (no ring)

@: very quick, somewhat resistant to hostile enchantments, incredibly stealthy
A: unfitting armour, see invisible, herbivore 3, speed 3, slow metabolism 2
a: Renounce Religion


You were in the Dungeon.
You worshipped Dithmenos.
Dithmenos was noncommittal.
You were not hungry.

You visited 1 branch You collected 405 gold pieces.

Inventory:

Hand Weapons
 a - a +1 dagger (weapon)
 b - a +0 blowgun
Missiles
 l - 10 curare-tipped needles
Armour
 k - a +1 robe of positive energy (worn)
Scrolls
 j - a scroll of blinking
Potions
 e - a potion of curing
 f - a potion of heal wounds
 g - a potion of haste
 h - 3 potions of magic
 i - a potion of berserk rage
Books
 c - a book of Maledictions

   Spells                             Type                      Level
   a - Corona                         Hexes                        1
   b - Ensorcelled Hibernation        Hexes/Ice                    2
   c - Confuse                        Hexes                        3
   d - Tukima's Dance                 Hexes                        3
   e - Dazzling Spray                 Conjuration/Hexes            3
Comestibles
 d - a bread ration


   Skills:
 - Level 1.1 Short Blades
 - Level 3.0 Dodging
 + Level 23.6 Stealth
 - Level 2.6 Spellcasting
 - Level 3.6 Hexes


You had 6 spell levels left.
You knew the following spells:

 Your Spells              Type           Power        Failure   Level  Hunger
a - Corona                Hex            ###....      4%          1    #......
b - Ensorcelled Hibernat  Hex/Ice        #.....       14%         2    ##.....
c - Confuse               Hex            ###.....     14%         3    ###....


Dungeon Overview and Level Annotations

Branches:
Dungeon (1/1)

Altars:
Cheibriados
Dithmenos
Fedhas
Sif Muna
Vehumet
Jiyva


Innate Abilities, Weirdness & Mutations

You are tiny and cannot use many weapons and most armour.
You have supernaturally acute eyesight.
You are a herbivore.
You cover ground extremely quickly.
You need consume almost no food.


Message History

Found 108 gold pieces.
There is an open door here.
The deep troll shouts!
You see here 27 gold pieces.
You hit the deep troll but do no damage.
The deep troll barely misses you. The deep troll claws you!
The deep troll completely misses you.
You hit the deep troll but do no damage.
The deep troll barely misses you. The deep troll claws you!
The deep troll claws you!
* * * LOW HITPOINT WARNING * * *
Casting: Ensorcelled Hibernation
Confirm with . or Enter, or press ? or * to list all spells.
Aiming: Ensorcelled Hibernation
Press: ? - help, Shift-Dir - straight line, f - deep troll
Aim: a deep troll (chance to defeat MR: 23%)
The deep troll resists with almost no effort.
The deep troll closely misses you. The deep troll misses you.
The deep troll claws you!
You die...

#..#####'#####'#__#
#..# #..#...#.####
#..# ####..##.#≈§§§
#..# ##'#..+≈≈§§
#⌠⌠# +..._#≈≈§.c
#### #_.#'# +###
##'#)# ##.####+###
+...'@T.$$+
#.).####### ##.##
#+#


You could see a deep troll.

Vanquished Creatures
  Sonja (D)
  A slime creature (D)
  Sigmund (D)
  An ogre (D)
  Ijyb (D)
  A jelly (D)
6 creatures vanquished.

Notes
Turn   | Place    | Note
--------------------------------------------------------------
     0 | D        | Ordine the Spriggan Enchanter began the quest for the Orb.
     0 | D        | Reached XP level 1. HP: 9/9 MP: 5/5
     2 | D        | Noticed Ijyb
    23 | D        | Killed Ijyb
    23 | D        | Reached skill level 10 in Stealth
    23 | D        | Reached XP level 2. HP: 5/13 MP: 6/6
    27 | D        | Learned a level 2 spell: Ensorcelled Hibernation
   219 | D        | Noticed an ogre
   222 | D        | Killed an ogre
   222 | D        | Reached skill level 14 in Stealth
   222 | D        | Reached XP level 3. HP: 16/16 MP: 4/8
   222 | D        | Reached XP level 4. HP: 21/21 MP: 4/9
   279 | D        | Noticed Sigmund
   282 | D        | Killed Sigmund
   282 | D        | Reached skill level 18 in Stealth
   282 | D        | Reached XP level 5. HP: 24/24 MP: 10/10
   282 | D        | Reached XP level 6. HP: 28/28 MP: 11/11
   301 | D        | Learned a level 3 spell: Confuse
   312 | D        | Found a snail-covered altar of Cheibriados.
   312 | D        | Found a viscous altar of Jiyva.
   312 | D        | Found a shadowy altar of Dithmenos.
   312 | D        | Found a blossoming altar of Fedhas.
   312 | D        | Noticed a slime creature
   316 | D        | Killed a slime creature
   316 | D        | Reached skill level 20 in Stealth
   320 | D        | Became a worshipper of Dithmenos the Shadowed
   325 | D        | Found a deep blue altar of Sif Muna.
   326 | D        | Noticed a jelly
   327 | D        | Found a radiant altar of Vehumet.
   331 | D        | Killed a jelly
   347 | D        | Noticed a centaur warrior
   370 | D        | Noticed Sonja
   374 | D        | Killed Sonja
   374 | D        | Reached skill level 23 in Stealth
   374 | D        | Reached XP level 7. HP: 32/32 MP: 12/12
   374 | D        | Reached XP level 8. HP: 36/36 MP: 13/13
   387 | D        | Noticed a deep troll
   392 | D        | Slain by a deep troll

Vault maps used:
D:        dungeon_sprint_1

Action                   |  1- 3 |  4- 6 |  7- 9 || total
-------------------------+-------+-------+-------++-------
Melee: Dagger            |    20 |     4 |     2 ||    26
 Cast: Ensorcelled Hiber |     1 |     2 |     1 ||     4
       Corona            |     1 |       |       ||     1
  Use: Scroll            |       |     1 |       ||     1
 Stab: Sleeping          |     2 |     4 |       ||     6
